Map: New Repugnancy LE

Players

benben - Winner!

  • Race: Terran Terran
  • League: Platinum
  • Spawn Location: 7:00

MaulerX

  • Race: Protoss Protoss
  • League: Diamond
  • Spawn Location: 1:00

VOD

Have the link to the VOD?

Description

Time

  • Played on: July 4, 2019, 5:06 p.m.
  • Length: 13:27
Show
View Real Time Build Order
Export as new Build Order

benben Terran - Winner!

Build Orders: Gas First Reaper Expand 

Get SALT Encoding   

  12  0:00  SCV  
  13  0:13  SCV  
  14  0:18  Supply Depot  
  14  0:25  SCV  
  14  0:28  Refinery  
  15  0:39  SCV  
  16  0:45  Barracks  
  16  0:51  SCV  
  17  1:04  SCV  
  18  1:16  SCV  
  19  1:31  Orbital Command  
  19  1:32  Reaper  
  20  1:46  Command Center  
  20  1:57  Factory  
  20  2:03  Refinery  
  20  2:09  Barracks Reactor  
  20  2:11  SCV  
  21  2:19  Supply Depot  
  21  2:28  SCV  
  22  2:40  SCV  
  23  2:44  Starport, Widow Mine  
  23  2:47  Marine x2  
  27  2:52  SCV  
  28  3:01  Orbital Command  
  28  3:05  Marine x2  
  30  3:07  SCV  
  30  3:08  Widow Mine  
  33  3:19  SCV  
  34  3:21  Medivac  
  34  3:22  Marine  
  37  3:29  Marine  
  37  3:31  SCV  
  39  3:35  SCV  
  40  3:42  Factory Tech Lab  
  40  3:47  SCV  
  40  3:48  Barracks  
  41  3:57  Supply Depot  
  41  3:58  Engineering Bay  
  41  4:01  Liberator  
  41  4:07  Siege Tank  
  41  4:09  Marine x2  
  46  4:15  Refinery  
  46  4:18  SCV x2  
  46  4:22  Supply Depot  
  51  4:36  Marine  
  51  4:37  Marine x2  
  53  4:59  Terran Infantry Weapons Level 1, SCV x2  
  55  5:02  Refinery  
  55  5:06  Starport Tech Lab  
  55  5:10  Barracks, Command Center  
  55  5:12  Factory Tech Lab  
  55  5:13  SCV x2  
  57  5:18  Stimpack  
  57  5:19  Supply Depot, Marine  
  57  5:20  Marauder  
  61  5:28  SCV  
  61  5:33  Supply Depot  
  61  5:34  Supply Depot  
  61  5:41  Marauder  
  63  5:48  SCV x2  
  65  5:55  Siege Tank  
  68  6:01  Barracks, Starport Reactor  
  65  6:06  Barracks  
  65  6:16  SCV x2  
  67  6:27  Siege Tank  
  67  6:31  SCV x2  
  72  6:35  Combat Shield  
  72  6:38  Marauder x2, Marine  
  77  6:46  Marine  
  78  6:47  Medivac  
  78  6:49  Orbital Command  
  78  6:52  SCV x2  
  78  6:53  Terran Infantry Armor Level 1  
  82  6:59  Siege Tank  
  82  7:00  Marauder x2  
  89  7:04  SCV x2  
  89  7:06  Barracks Tech Lab, Barracks Reactor  
  91  7:13  Medivac  
  93  7:16  SCV x2  
  93  7:19  Concussive Shells  
  93  7:20  Medivac  
  93  7:21  Marauder x2, SCV  
  102  7:28  SCV x2  
  102  7:29  Marauder, Marine x2  
  108  7:33  SCV  
  109  7:38  Supply Depot  
  109  7:46  Marauder  
  109  7:47  SCV  
  109  7:48  SCV x2  
  102  7:53  Marine x2  
  102  7:54  Marauder x2, Marine  
  97  7:59  SCV  
  98  8:12  Refinery  
  98  8:14  Refinery  
  98  8:16  Starport  
  98  8:18  Fusion Core  
  98  8:19  Siege Tank  
  101  8:28  Supply Depot  
  101  8:29  Supply Depot  
  101  8:31  Supply Depot  
  101  8:32  Command Center  
  101  8:38  Marine  
  101  8:39  Marauder x2, Marine x2  
  101  8:40  Liberator  
  108  8:43  SCV x3  
  108  8:48  Engineering Bay  
  111  8:49  Armory  
  111  8:51  Missile Turret, Siege Tank  
  114  8:58  Missile Turret  
  114  9:01  SCV  
  118  9:08  Starport Tech Lab  
  118  9:11  Marauder x2, Marine x4  
  118  9:16  SCV x3  
  129  9:26  Supply Depot x2  
  129  9:27  Siege Tank  
  129  9:28  SCV x2  
  129  9:30  Advanced Ballistics  
  134  9:43  Liberator x3  
  134  9:56  Marauder x2, Marine  
  134  9:59  Siege Tank  
  142  10:01  SCV  
  142  10:02  Ghost Academy  
  142  10:04  Orbital Command  
  142  10:06  SCV  
  153  10:17  Supply Depot  
  153  10:18  Supply Depot  
  153  10:19  Supply Depot  
  153  10:22  Sensor Tower  
  153  10:25  Liberator x2  
  152  10:37  Liberator  
  158  10:53  Marauder x2, Marine x3  
  158  10:54  SCV x2  
  166  11:08  Liberator x2, Marauder, Marine  
  169  11:14  Marauder  
  169  11:18  Sensor Tower  
  171  11:19  Refinery, Marine  
  171  11:20  Refinery, Marauder  
  171  11:21  Liberator  
  174  11:26  Terran Vehicle Weapons Level 1  
  174  11:30  Marauder  
  182  11:37  Barracks  
  182  11:38  Barracks  
  182  11:39  Barracks  
  179  12:27  Marauder x3, Marine x2  
  182  12:30  Marine x2  
  182  12:32  Viking  
  182  12:33  Viking  
  194  12:45  Marine x2  
  196  13:04  Marauder, Marine  
Show
View Real Time Build Order
Export as new Build Order

MaulerX Protoss 

Build Orders: 1 Gate Expand 

Get SALT Encoding   

  12  0:01  Probe  
  13  0:13  Probe  
  14  0:17  Pylon  
  14  0:25  Probe  
  15  0:37  Probe  
  15  0:41  Gateway  
  16  0:45  Probe  
  16  0:47  Assimilator  
  17  1:03  Probe  
  18  1:16  Probe  
  19  1:31  Nexus  
  19  1:41  Cybernetics Core  
  19  1:43  Probe  
  20  1:52  Pylon  
  20  1:56  Probe  
  20  2:01  Assimilator, Warp Gate  
  21  2:16  Gateway  
  21  2:21  Stalker  
  23  2:26  Probe  
  24  2:38  Probe  
  25  2:47  Robotics Facility  
  24  3:01  Stalker  
  24  3:05  Probe x2  
  28  3:19  Probe  
  28  3:20  Probe  
  28  3:21  Stalker  
  32  3:33  Probe x2  
  34  3:37  Observer  
  35  3:45  Probe  
  35  3:46  Probe  
  37  3:49  Gateway  
  37  3:51  Shield Battery  
  37  3:57  Probe  
  37  3:58  Adept  
  37  3:59  Adept  
  37  4:01  Probe  
  42  4:09  Probe x2  
  44  4:14  Pylon  
  45  4:20  Observer  
  46  4:27  Pylon  
  46  4:32  Probe x2  
  44  5:06  Immortal  
  48  5:09  Pylon  
  48  5:12  Stalker  
  48  5:13  Stalker x2  
  54  5:21  Robotics Bay, Probe x2  
  56  5:22  Gateway  
  55  5:39  Stalker x3  
  57  5:46  Probe x2  
  59  5:55  Probe x2  
  59  6:03  Probe  
  59  6:04  Probe  
  63  6:17  Observer  
  64  6:28  Assimilator  
  64  6:29  Immortal  
  64  6:31  Assimilator  
  64  6:33  Pylon  
  64  6:35  Shield Battery x2  
  68  6:40  Zealot  
  68  6:43  Extended Thermal Lance  
  68  6:46  Twilight Council  
  70  6:57  Pylon  
  70  7:05  Zealot x4  
  78  7:11  Observer  
  78  7:12  Charge  
  78  7:17  Colossus  
  84  7:40  Zealot  
  75  7:55  Adept x3  
  65  7:58  Immortal  
  55  8:13  Stalker  
  55  8:18  Stalker x3  
  63  8:31  Observer  
  63  8:36  Probe x2  
  66  8:41  Colossus  
  66  8:44  Nexus  
  66  8:53  Stalker  
  74  8:56  Probe  
  74  8:58  Probe  
  76  9:05  Probe  
  77  9:10  Probe  
  77  9:15  Probe  
  77  9:16  Pylon  
  78  9:19  Pylon  
  78  9:22  Probe  
  86  9:44  Stargate  
  78  9:45  Stargate  
  78  9:47  Stargate  
  78  9:51  Zealot x2  
  78  9:52  Zealot x2  
  84  10:16  Gateway  
  84  10:21  Gateway  
  84  10:22  Pylon  
  84  10:25  Observer  
  84  10:30  Pylon x2  
  84  10:35  Zealot  
  85  10:46  Nexus  
  85  10:47  Pylon  
  85  10:50  Pylon  
  85  10:52  Void Ray x2  
  89  11:12  Void Ray  
  89  11:15  Probe x2  
  95  11:21  Stalker x4  
  99  11:47  Nexus  
  99  11:52  Void Ray  
  99  11:56  Sentry x5  
  109  12:04  Void Ray  
  107  12:26  Stalker x3  
  107  12:27  Stalker  
  83  12:35  Void Ray  
  83  12:40  Stalker x2  
  91  12:56  Probe x2  
  91  12:58  Observer  
Tags
 
Add a new tag
Caveats
  • Supply blocks, unpowered buildings, or Contaminate may cause inaccurate times.
  • Supply counts are checked every 10 seconds.